 Dungeon Crawl Stone Soup version 0.21-a0-216-g6d3fd91 (webtiles) character file.

56204 Kidiri the Eclecticist (level 14, 0/76 HPs)
             Began as a Deep Elf Fire Elementalist on Aug 23, 2017.
             Was a High Priest of Vehumet.
             Slain by a death yak (24 damage)
             ... on level 6 of the Lair of Beasts.
             The game lasted 01:52:30 (25149 turns).

Kidiri the Eclecticist (DEFE)                      Turns: 25149, Time: 01:52:31

Health: 0/76       AC: 16    Str:  3    XL:     14   Next: 41%
Magic:  15/46      EV: 16    Int: 26    God:    Vehumet [*****.]
Gold:   1094       SH:  5    Dex: 13    Spells: 3/47 levels left

rFire    . . .     SeeInvis .   k - +5 dagger (elec)
rCold    + . .     Gourm    .   M - +0 buckler
rNeg     . . .     Faith    .   A - +2 robe {rC+}
rPois    .         Spirit   .   p - +1 helmet
rElec    .         Reflect  .   q - +2 cloak
rCorr    .         Harm     .   u - +1 pair of gloves
MR       +....                  H - +1 pair of boots
Stlth    +.........             (no amulet)
HPRegen  0.22/turn              B - ring of magical power
MPRegen  0.30/turn              m - ring of wizardry

@: very slow
A: yellow scales 1, clumsy 1, weak 1
a: Renounce Religion


You were on level 6 of the Lair of Beasts.
You worshipped Vehumet.
Vehumet was extremely pleased with you.
You were not hungry.

You visited 3 branches of the dungeon, and saw 18 of its levels.
You also visited: Ossuary.

You collected 1094 gold pieces.

Inventory:

Hand Weapons
 k - a +5 dagger of electrocution (weapon)
Armour
 p - a +1 helmet (worn)
 q - a +2 cloak (worn)
 u - a +1 pair of gloves (worn)
 A - a +2 robe of cold resistance (worn)
 H - a +1 pair of boots (worn)
 K - a +2 large shield
 M - a +0 buckler (worn)
Jewellery
 m - a ring of wizardry (right hand)
 y - a +2 ring of evasion
 B - a ring of magical power (left hand)
 J - an uncursed ring of positive energy
Wands
 a - a wand of lightning (6/15)
 b - a wand of polymorph (16/24)
 w - a wand of enslavement (14/24)
 E - a wand of confusion (18/48)
 F - a wand of disintegration (15/24)
 N - a wand of clouds (3/9)
Scrolls
 e - 4 scrolls of recharging
 f - 2 scrolls of fog
 g - 10 scrolls of teleportation
 h - 13 scrolls of remove curse
 i - 8 scrolls of amnesia
 n - a scroll of fear
 t - 3 scrolls of silence
 v - a scroll of immolation
 x - 2 scrolls of vulnerability
Potions
 d - a potion of heal wounds
 j - 8 potions of lignification
 o - 3 potions of curing
 r - a potion of brilliance
 s - 5 potions of haste
 z - 3 potions of cancellation
 C - 3 potions of berserk rage
 D - 3 potions of invisibility
 G - a potion of agility
 L - 3 potions of might
 S - a potion of flight
Books
 I - a book of Air

   Spells                             Type                      Level
   a - Shock                          Conjuration/Air              1
   b - Swiftness                      Charms/Air                   2
   c - Static Discharge               Conjuration/Air              3
   d - Airstrike                      Air                          4
   e - Lightning Bolt                 Conjuration/Air              5
Comestibles
 c - 13 bread rations
 l - 6 meat rations
 O - 8 chunks of flesh
 Q - 3 royal jellies
 R - 23 fruits


   Skills:
 + Level 4.7 Fighting
 + Level 6.1 Short Blades
 + Level 5.1 Armour
 + Level 7.9 Dodging
 - Level 2.4 Stealth
 + Level 4.6 Shields
 * Level 17.0 Spellcasting
 + Level 10.6 Conjurations
 + Level 11.0 Fire Magic
 + Level 5.5 Air Magic
 + Level 6.3 Earth Magic
 + Level 7.0 Poison Magic


You had 3 spell levels left.
You knew the following spells:

 Your Spells              Type           Power        Failure   Level  Hunger
a - Flame Tongue          Conj/Fire      #####        1%          1    None
b - Throw Flame           Conj/Fire      ######       1%          2    None
c - Conjure Flame         Conj/Fire      ######..     1%          3    None
d - Inner Flame           Hex/Fire       ######..     1%          3    None
e - Sticky Flame          Conj/Fire      ######..     1%          4    None
f - Fireball              Conj/Fire      ######....   1%          5    None
g - Bolt of Magma         Conj/Fire/Erth ######....   1%          5    None
h - Iron Shot             Conj/Erth      ######....   1%          6    ###....
i - Mephitic Cloud        Conj/Pois/Air  ######..     1%          3    None
j - Venom Bolt            Conj/Pois      ######....   1%          5    None
k - Orb of Destruction    Conj           ######....   3%          7    #####..


Dungeon Overview and Level Annotations

Branches:
Dungeon (11/15)            Temple (1/1) D:6            Lair (6/6) D:11
  Swamp (0/4) Lair:2        Snake (0/4) Lair:2        Slime (0/5) Lair:6
    Orc (0/2) D:11

Altars:
Ashenzari
Cheibriados
Dithmenos
Elyvilon
Fedhas
Gozag
Hepliaklqana
Kikubaaqudgha
Makhleb
Nemelex Xobeh
Okawaru
Qazlal
Ru
Sif Muna
Trog
Uskayaw
Vehumet
Wu Jian
Xom
Yredelemnul
Zin
The Shining One
Beogh
Jiyva

Shops:
D:11 [


Innate Abilities, Weirdness & Mutations

You are partially covered in yellow scales. (AC +2)
You are clumsy. (Dex -2)
You are weak. (Str -2)


Message History

The death yak is engulfed in a cloud of scalding steam. x2
The death yak gores you!
Unknown command.
Casting: Bolt of Magma
Confirm with . or Enter, or press ? or * to list all spells.
Aiming: Bolt of Magma
Press: ? - help, Shift-Dir - straight line, f/p - death yak
Aim: a death yak (steam, almost dead)
The bolt of magma hits the death yak.
The death yak is severely wounded.
The bolt of magma hits the death yak.
You kill the death yak!
Vehumet accepts your kill.
You feel your power returning.
Your Poison Magic skill increases to level 7!
The death yak gores you! The death yak barely misses you.
You block the death yak's attack.
Okay, then.
The death yak gores you. The death yak gores you!!
You die...

....≈
#≈≈≈≈≈≈≈≈≈≈≈P#≈≈≈≈P..%..
.....
#≈≈≈≈≈≈≈≈≈≈≈≈#≈≈##...>_.
#.P.. ≈≈≈≈≈≈≈≈≈≈≈
#≈≈##...... ##.≈
#####≈≈≈≈#####≈≈≈≈.....# ..
#8≈≈≈≈≈≈≈≈≈≈8#≈≈≈≈...... #
#≈≈≈≈≈8≈÷≈≈≈≈#≈≈##...%.# #
#≈P≈≈≈≈≈§≈≈≈≈#≈≈##....## .
≈≈≈#.≈#.#YY##.≈##≈≈≈≈.....#
.
≈≈≈≈≈≈≈≈≈≈@≈≈≈≈≈≈≈≈≈≈≈....#
.≈≈##≈≈#.≈≈##≈≈.#≈≈##≈...#.
≈..≈≈#.≈≈#.§≈.#≈≈##≈.....
.≈.≈≈(≈≈≈≈.≈.≈≈.≈.≈..≈...P.
...........................
...........................
......................(....
..............%............
..#.P.P.....##.....#......


You could see 2 death yaks.

Vanquished Creatures
  Gastronok (Lair:3)
  Nessos (Lair:6)
  The ghost of utis the Nimble, a journeyman HuHu (D:10)
  5 hydras
  Fannar (D:10)
  A catoblepas (D:11)
  4 two-headed ogres
  The ghost of p0werm0de the Fighter, a novice DgWn (Lair:2)
  3 death yaks (Lair:6)
  A merfolk avatar (Lair:6)
  Urug (Lair:3)
  Sonja (Lair:3)
  Nergalle (D:11)
  An unseen horror (D:10)
  2 harpies (Lair:6)
  3 ugly things (D:11)
  The ghost of Alarkh the Reanimator, a novice DsNe (D:6)
  A manticore (Lair:6)
  5 black mambas
  14 spiny frogs
  4 rime drakes
  6 komodo dragons
  2 trolls
  8 polar bears
  2 hornets (Lair:6)
  12 blink frogs
  9 hippogriffs
  A vampire (D:11)
  A wraith (D:10)
  43 yaks
  3 hogs (D:7)
  A human (D:7)
  5 basilisks
  10 wyverns
  A hungry ghost (D:8)
  A warg (D:11)
  A steam dragon (D:11)
  Edmund (D:5)
  2 nagas (Lair:2)
  Menkaure (D:4)
  16 water moccasins
  10 orc warriors
  9 porcupines
  A hornet zombie (D:9)
  A black bear (D:8)
  5 ice beasts
  4 ogres
  A necrophage (D:6)
  A phantom (D:9)
  16 crocodiles
  39 wolves
  4 centaurs (D:10)
  A big kobold (D:8)
  8 bullfrogs
  A wyvern zombie (D:7)
  9 scorpions
  10 killer bees
  10 wights
  3 howler monkeys
  4 electric eels
  4 crimson imps
  A human zombie (Ossuary)
  2 jellies
  2 centaur zombies (Ossuary)
  A gnoll shaman (D:5)
  4 hounds
  3 bullfrog skeletons
  9 orc priests
  Crazy Yiuf (D:7)
  A centaur skeleton (D:8)
  4 orc wizards
  An iguana (D:11)
  5 worker ants
  3 big kobold zombies (Ossuary)
  3 hound skeletons
  3 mummies (Ossuary)
  13 gnolls
  2 worker ant zombies
  15 adders
  3 scorpion zombies (Ossuary)
  6 shadow imps
  3 oozes
  3 adder zombies
  2 adder skeletons
  2 worms
  8 dart slugs
  5 leopard geckos
  64 orcs
  5 ball pythons
  10 bats
  5 giant cockroaches
  A gnoll zombie (Ossuary)
  10 goblins
  13 hobgoblins
  8 jackals
  5 quokkas
  7 frilled lizards
  5 hobgoblin zombies (Ossuary)
  A jackal skeleton (D:4)
  A jackal zombie (D:5)
  13 kobolds
  A leopard gecko skeleton (D:5)
  2 orc zombies (Ossuary)
  A quokka skeleton (D:9)
  A quokka zombie (D:5)
  5 rats
  2 bushes (Lair:6)
  A butterfly (Lair:5)
  2 fungi
  2 plants
590 creatures vanquished.

Vanquished Creatures (others)
  A wolf (Lair:2)
  A scorpion zombie (Ossuary)
  19 bushes (Lair:6)
  24 fungi
  13 plants
58 creatures vanquished.

Grand Total: 648 creatures vanquished

Notes
Turn   | Place    | Note
-------+----------+-------------------------------------------
     0 | D:1      | Kidiri the Deep Elf Fire Elementalist began the quest for the Orb.
     0 | D:1      | Reached XP level 1. HP: 10/10 MP: 6/6
   217 | D:1      | Reached XP level 2. HP: 8/15 MP: 4/8
   221 | D:1      | Learned a level 2 spell: Throw Flame
   769 | D:1      | Reached XP level 3. HP: 19/19 MP: 6/10
   771 | D:1      | Reached skill level 4 in Spellcasting
   899 | D:1      | Learned a level 3 spell: Conjure Flame
   903 | D:1      | Learned a level 3 spell: Inner Flame
  1386 | D:2      | Reached XP level 4. HP: 24/24 MP: 6/12
  1466 | D:2      | Found a shadowy altar of Dithmenos.
  1659 | D:2      | Reached skill level 5 in Spellcasting
  1761 | D:3      | Learned a level 4 spell: Sticky Flame
  1969 | D:3      | Reached XP level 5. HP: 26/28 MP: 9/14
  2318 | D:3      | Reached skill level 6 in Spellcasting
  2664 | D:4      | Found a sand-covered staircase.
  2673 | Ossuary  | Entered an ossuary
  2839 | Ossuary  | Reached XP level 6. HP: 32/32 MP: 13/17
  3452 | Ossuary  | Learned a level 5 spell: Fireball
  3463 | Ossuary  | Reached skill level 5 in Fire Magic
  3505 | Ossuary  | Reached skill level 7 in Spellcasting
  3939 | Ossuary  | Reached XP level 7. HP: 36/36 MP: 10/20
  4037 | Ossuary  | Reached skill level 8 in Spellcasting
  4731 | D:4      | Noticed Menkaure
  4734 | D:4      | Killed Menkaure
  4804 | D:4      | Found a stormy altar of Qazlal.
  4804 | D:4      | Found a basalt altar of Yredelemnul.
  4816 | D:4      | Reached skill level 9 in Spellcasting
  4828 | D:4      | Found an ornate altar of the Wu Jian Council.
  4831 | D:4      | Found a glowing silver altar of Zin.
  4833 | D:4      | Found a snail-covered altar of Cheibriados.
  5316 | D:5      | Entered Level 5 of the Dungeon
  5322 | D:5      | Reached skill level 5 in Conjurations
  5322 | D:5      | Reached XP level 8. HP: 41/41 MP: 16/23
  5438 | D:5      | Noticed Edmund
  5453 | D:5      | Killed Edmund
  5691 | D:5      | Found a glowing silver altar of Zin.
  5764 | D:5      | Found an iron altar of Okawaru.
  5799 | D:5      | Reached skill level 10 in Spellcasting
  6203 | D:5      | Found a hazy altar of Hepliaklqana.
  6727 | D:6      | Noticed Alarkh's ghost (novice DsNe)
  6740 | D:6      | Killed Alarkh's ghost
  6740 | D:6      | Reached skill level 11 in Spellcasting
  6740 | D:6      | Reached XP level 9. HP: 36/45 MP: 24/26
  6830 | D:6      | Found a burning altar of Makhleb.
  6847 | D:6      | Found an ancient bone altar of Kikubaaqudgha.
  6870 | D:6      | Gained mutation: Your spells are a little harder to cast, but a little more powerful. [potion of mutation]
  6870 | D:6      | Gained mutation: You are agile. (Dex +2) [potion of mutation]
  6871 | D:6      | Lost mutation: Your spells are a little harder to cast, but a little more powerful. [potion of mutation]
  6871 | D:6      | Lost mutation: You are agile. (Dex +2) [potion of mutation]
  6871 | D:6      | Gained mutation: You are weak. (Str -2) [potion of mutation]
  6871 | D:6      | Gained mutation: You are clumsy. (Dex -2) [potion of mutation]
  6871 | D:6      | Lost mutation: You are clumsy. (Dex -2) [potion of mutation]
  6991 | D:6      | Found a staircase to the Ecumenical Temple.
  7023 | Temple   | Entered the Ecumenical Temple
  7216 | Temple   | Became a worshipper of Vehumet
  7523 | D:6      | Found a burning altar of Makhleb.
  7837 | D:7      | Found a glowing golden altar of the Shining One.
  8279 | D:7      | Found a runed door.
  8369 | D:7      | Reached skill level 12 in Spellcasting
  8874 | D:7      | Noticed Crazy Yiuf
  8879 | D:7      | Killed Crazy Yiuf
  9226 | D:8      | Noticed a two-headed ogre
  9226 | D:8      | Reached * piety under Vehumet
  9226 | D:8      | Offered knowledge of Sandblast by Vehumet.
  9226 | D:8      | Reached skill level 13 in Spellcasting
  9235 | D:8      | Killed a two-headed ogre
  9235 | D:8      | Reached XP level 10. HP: 29/50 MP: 15/29
  9238 | D:8      | Learned a level 1 spell: Sandblast
  9587 | D:8      | Learned a level 5 spell: Bolt of Magma
  9593 | D:8      | Learned a level 5 spell: Venom Bolt
  9600 | D:8      | Learned a level 6 spell: Iron Shot
  9728 | D:8      | Noticed a two-headed ogre
  9740 | D:8      | Killed a two-headed ogre
  9740 | D:8      | Reached skill level 1 in Short Blades
  9740 | D:8      | Reached skill level 1 in Earth Magic
  9740 | D:8      | Reached skill level 1 in Poison Magic
 10018 | D:8      | Found a roughly hewn altar of Beogh.
 10039 | D:8      | Reached skill level 1 in Fighting
 10046 | D:8      | Offered knowledge of Searing Ray by Vehumet.
 10046 | D:8      | Reached ** piety under Vehumet
 10170 | D:8      | Reached skill level 1 in Armour
 10848 | D:9      | Offered knowledge of Mephitic Cloud by Vehumet.
 10988 | D:9      | Found a blossoming altar of Fedhas.
 11136 | D:9      | Reached skill level 14 in Spellcasting
 11146 | D:9      | Learned a level 3 spell: Mephitic Cloud
 11508 | D:10     | Entered Level 10 of the Dungeon
 11686 | D:10     | Reached *** piety under Vehumet
 11752 | D:10     | Reached skill level 1 in Air Magic
 11921 | D:10     | Reached XP level 11. HP: 56/56 MP: 31/31
 11989 | D:10     | Offered knowledge of Airstrike by Vehumet.
 12208 | D:10     | Noticed an unseen horror
 12210 | D:10     | Killed an unseen horror
 12333 | D:10     | Got a pitted halberd {speed}
 12334 | D:10     | Identified the +0 halberd of Daobbatt {speed, MP+9} (You took it off a centaur on level 10 of the Dungeon)
 12557 | D:10     | Reached skill level 1 in Shields
 12562 | D:10     | Noticed a two-headed ogre
 12565 | D:10     | Killed a two-headed ogre
 12593 | D:10     | Noticed utis's ghost (journeyman HuHu)
 12833 | D:10     | Killed utis's ghost
 13024 | D:10     | Reached **** piety under Vehumet
 13115 | D:10     | Noticed Fannar
 13138 | D:10     | Killed Fannar
 13173 | D:10     | Offered knowledge of Dazzling Spray by Vehumet.
 13766 | D:11     | Noticed a green ugly thing
 13774 | D:11     | Killed a green ugly thing
 13778 | D:11     | Gained mutation: You are clumsy. (Dex -2) [mutagenic meat]
 13779 | D:11     | Gained mutation: You are partially covered in yellow scales. (AC +2) [mutagenic meat]
 13934 | D:11     | Noticed a green ugly thing
 13938 | D:11     | Killed a green ugly thing
 13972 | D:11     | Found a staircase to the Orcish Mines.
 14040 | D:11     | Noticed a catoblepas
 14347 | D:11     | Killed a catoblepas
 14481 | D:11     | Found Juqibleg's Armour Shoppe.
 14493 | D:11     | Reached skill level 5 in Dodging
 14730 | D:11     | Noticed Nergalle
 14735 | D:11     | Killed Nergalle
 14735 | D:11     | Reached XP level 12. HP: 53/64 MP: 22/32
 14944 | D:11     | Reached ***** piety under Vehumet
 14944 | D:11     | Offered knowledge of Irradiate by Vehumet.
 15128 | D:11     | Reached skill level 15 in Spellcasting
 15224 | D:11     | Found a staircase to the Lair.
 15445 | D:11     | Noticed a two-headed ogre
 15451 | D:11     | Killed a two-headed ogre
 16069 | Lair:1   | Entered Level 1 of the Lair of Beasts
 16077 | Lair:1   | Reached skill level 10 in Fire Magic
 16374 | Lair:1   | Reached skill level 5 in Poison Magic
 17534 | Lair:2   | Noticed p0werm0de's ghost (novice DgWn)
 17562 | Lair:2   | Found a staircase to the Snake Pit.
 17766 | Lair:2   | Found a staircase to the Swamp.
 17878 | Lair:2   | Killed p0werm0de's ghost
 18492 | Lair:3   | Noticed Gastronok
 18505 | Lair:3   | Noticed Urug
 18511 | Lair:3   | Killed Urug
 18511 | Lair:3   | Reached skill level 5 in Earth Magic
 18911 | Lair:3   | Reached XP level 13. HP: 70/70 MP: 15/34
 19180 | Lair:3   | Killed Gastronok
 19360 | Lair:3   | Noticed Sonja
 19366 | Lair:3   | Killed Sonja
 20414 | Lair:4   | Reached skill level 5 in Short Blades
 20469 | Lair:4   | Offered knowledge of Fulminant Prism by Vehumet.
 20480 | Lair:4   | Reached skill level 10 in Conjurations
 20772 | Lair:4   | Reached skill level 16 in Spellcasting
 21081 | Lair:4   | Learned a level 7 spell: Orb of Destruction
 22539 | Lair:5   | Reached skill level 5 in Air Magic
 22955 | Lair:6   | Entered Level 6 of the Lair of Beasts
 22968 | Lair:6   | Found a staircase to the Slime Pits.
 22969 | Lair:6   | Found a viscous altar of Jiyva.
 23100 | Lair:6   | Noticed Nessos
 23811 | Lair:6   | Reached XP level 14. HP: 48/76 MP: 30/36
 24133 | Lair:6   | Offered knowledge of Conjure Ball Lightning by Vehumet.
 24347 | Lair:6   | Killed Nessos
 24403 | Lair:6   | Reached skill level 5 in Armour
 25137 | Lair:6   | Reached skill level 17 in Spellcasting
 25149 | Lair:6   | Slain by a death yak

Vault maps used:
D:1:      dpeg_arrival_tiny_k
D:2:      nicolae_dithmenos_through_a_glass_darkly, first_bread,
          minmay_randomly_rotated_circles
D:4:      chequers_temple_overflow_minitemple, nicolae_ossuary_entry_ruins,
          uniq_menkaure
D:5:      kennysheep_mini, hangedman_abyss_or_decor_passed,
          hangedman_feature_mirror, kennysheep_doodads,
          kennysheep_generic_room_14, uniq_edmund
D:6:      kennysheep_slugbush, chequers_temple_overflow_statue_of_worship,
          minmay_temple_entry_statues_fountains, makhleb_blood_cavern_becter
D:7:      tso_altar, grunt_livestock, uniq_crazy_yiuf_cottage
D:8:      special_room
D:9:      fedhas_altar_2
D:10:     small_statue_alley_b, uniq_fannar
D:11:     erik_lair_dragon, erik_orc_3, serial_shops, shop_fountains,
          uniq_nergalle
Temple:   minmay_temple_curvy_loop
Lair:1:   grunt_megastairs_5, serial_bayou_shore_a
Lair:2:   swamp_mist, guppyfry_snake_entry_garden, lab_entry_generic,
          minivault_26
Lair:3:   cheibrodos_lair_lostbears, uniq_sonja, uniq_gastronok, uniq_urug
Lair:4:   serial_bayou_lagoon_a, grunt_forest_large_clearings
Lair:5:   serial_bayou_pond_a, lemuel_fruit_fields, infiniplex_staircase_pool
Lair:6:   gammafunk_lair_ancient_temple, slime_altar_1, minmay_hedge_maze,
          minivault_23, uniq_nessos
Ossuary:  ossuary_minmay_scorpions

Skill      XL: |  1  2  3  4  5  6  7  8  9 10 11 12 13 14 |
---------------+-------------------------------------------+-----
Spellcasting   | 4 5 6 7 9 11 13 14 15 16 17 | 17.0
Fire Magic     | 4 5 6 7 8 9 10 11 | 11.0
Conjurations   | 2 3 4 5 6 8 9 10 | 10.6
Short Blades   | 2 3 4 5 6 |  6.1
Earth Magic    | 2 4 5 6 |  6.3
Poison Magic   | 2 4 5 6 7 |  7.0
Dodging        | 3 5 6 7 |  7.9
Fighting       | 1 2 3 4 |  4.7
Armour         | 1 3 4 5 |  5.1
Air Magic      | 1 2 4 5 |  5.5
Shields        | 2 3 4 |  4.6
Stealth        | |  2.4

Action                   |  1- 3 |  4- 6 |  7- 9 | 10-12 | 13-15 || total
-------------------------+-------+-------+-------+-------+-------++-------
Melee: Dagger            |     1 |    16 |    58 |   155 |    53 ||   283
 Cast: Flame Tongue      |    74 |    78 |   179 |    98 |    11 ||   440
       Throw Flame       |    11 |    24 |    33 |    35 |     3 ||   106
       Conjure Flame     |       |     9 |     8 |     9 |     1 ||    27
       Sticky Flame      |       |     6 |    20 |    41 |    39 ||   106
       Inner Flame       |       |       |     8 |    13 |     1 ||    22
       Fireball          |       |       |     1 |    11 |     4 ||    16
       Bolt of Magma     |       |       |       |    66 |    57 ||   123
       Venom Bolt        |       |       |       |    57 |    31 ||    88
       Mephitic Cloud    |       |       |       |     7 |     2 ||     9
       Iron Shot         |       |       |       |    62 |    50 ||   112
       Orb of Destructio |       |       |       |       |    22 ||    22
  Use: Scroll            |    10 |     9 |    13 |    16 |     8 ||    56
       Potion            |       |       |     3 |     1 |     3 ||     7
 Stab: Sleeping          |       |     1 |     3 |     1 |       ||     5
       Confused          |       |       |       |     2 |       ||     2
       Fleeing           |       |       |       |     1 |       ||     1
  Eat: Chunk             |     1 |     5 |    11 |    30 |    27 ||    74
       Fruit             |       |     2 |     2 |     2 |       ||     6
       Royal jelly       |       |     2 |     1 |     8 |       ||    11
       Meat ration       |       |       |       |       |     1 ||     1
Armor: Robe              |    13 |    13 |    60 |    77 |    43 ||   206
Dodge: Dodged            |    21 |    24 |   115 |   141 |   106 ||   407
Block: Buckler           |       |       |       |     3 |    44 ||    47

Table legend:
 A = Spawn XP
 B = Non-spawn XP
 C = Spawn XP percentage of total XP
 D = Spawn monster count
 E = Non-spawn monster count
 F = Spawn count percentage of total count
 G = Total turns spent on level
                    A         B        C        D         E        F      G
               +---------+---------+-------+---------+---------+-------+---------
         Total |   17490 |   62802 |  21.8 |      91 |     493 |  15.6 | 25149
               +---------+---------+-------+---------+---------+-------+---------
           D:1 |       4 |      46 |   8.0 |       4 |      23 |  14.8 |   950
           D:2 |      17 |      64 |  21.0 |       3 |      24 |  11.1 |   779
           D:3 |      80 |     107 |  42.8 |       3 |      19 |  13.6 |   924
           D:4 |      20 |     318 |   5.9 |       2 |      16 |  11.1 |  1019
           D:5 |     206 |     656 |  23.9 |       5 |      25 |  16.7 |  1289
           D:6 |       6 |    1071 |   0.6 |       1 |      24 |   4.0 |   842
           D:7 |     146 |    1379 |   9.6 |       2 |      18 |  10.0 |  1320
           D:8 |     190 |    3628 |   5.0 |       4 |      60 |   6.2 |  1524
           D:9 |     164 |     889 |  15.6 |       2 |      18 |  10.0 |   983
          D:10 |     115 |    8365 |   1.4 |       2 |      51 |   3.8 |  2235
          D:11 |    2341 |    6111 |  27.7 |      13 |      38 |  25.5 |  2301
        Lair:1 |    1456 |    4266 |  25.4 |       3 |      24 |  11.1 |  1362
        Lair:2 |    1767 |    3300 |  34.9 |       9 |      16 |  36.0 |  1074
        Lair:3 |    1946 |    5381 |  26.6 |       8 |       9 |  47.1 |  2024
        Lair:4 |       0 |    4468 |   0.0 |       0 |      34 |   0.0 |   825
        Lair:5 |    4240 |    5677 |  42.8 |      20 |      22 |  47.6 |  2399
        Lair:6 |    4792 |   16313 |  22.7 |      10 |      45 |  18.2 |  1396
       Ossuary |       0 |     763 |   0.0 |       0 |      27 |   0.0 |  1691
               +---------+---------+-------+---------+---------+-------+---------
